 Dungeon Crawl Stone Soup version 0.27-a0-54-g64bdb92e38 (webtiles) character file.

Game seed: 14688490344633754396

4722 Morbidden the Reanimator (level 10, -5/51 HPs)
             Began as a Vine Stalker Necromancer on Jan 7, 2021.
             Was an Initiate of Gozag.
             Slain by an unseen horror (7 damage)
             ... on level 10 of the Dungeon.
             The game lasted 00:19:02 (10803 turns).

Morbidden the Reanimator (VSNe)                    Turns: 10803, Time: 00:19:02

Health: -5/51      AC:  4    Str: 10    XL:     10   Next: 45%
Magic:  0/23       EV: 15    Int: 18    God:    Gozag
Gold:   1183       SH:  0    Dex: 18    Spells: 21/25 levels left

rFire    . . .     SeeInvis .   a - +10 long sword of Popular Demand {vorpal, +Inv rC+ Dex+2}
rCold    + + +     Faith    .   (no shield)
rNeg     . . .     Spirit   +   I - +1 robe {rC+}
rPois    .         Reflect  .   (no helmet)
rElec    .         Harm     .   (no cloak)
rCorr    .         Rampage  .   r - +0 pair of gloves
Will     +....                  (no boots)
Stlth    +++.......             (no amulet)
HPRegen  0.57/turn              C - ring of protection from cold
MPRegen  0.18/turn              (no ring)

@: no status effects
A: fangs 3, regeneration 1, magic shield, antimagic bite, no potion heal 3
a: Renounce Religion, Evoke Invisibility, Potion Petition, Call Merchant, Bribe
Branch


You were on level 10 of the Dungeon.
You worshipped Gozag.
Gozag was most pleased with you.
You visited 2 branches of the dungeon, and saw 11 of its levels.

You collected 1291 gold pieces.
You paid 108 gold pieces to Gozag.

Inventory:

Hand Weapons
 a - the +10 long sword of Popular Demand (weapon) {vorpal, +Inv rC+ Dex+2}
   (You found it on level 9 of the Dungeon)

   It inflicts extra damage upon your enemies.
   It affects your dexterity (+2).
   It protects you from cold.
   It lets you turn invisible.
 b - a +0 hunting sling
 E - a +0 short sword of protection
Missiles
 d - 34 poisoned darts (quivered)
 e - 72 sling bullets
 o - 8 boomerangs
 p - 2 throwing nets
Armour
 r - a +0 pair of gloves (worn)
 I - a +1 robe of cold resistance (worn)
Jewellery
 C - a ring of protection from cold (left hand)
 H - a cursed ring of ice
Wands
 B - a wand of digging (5)
 F - a wand of iceblast (5)
Scrolls
 c - 6 scrolls of enchant armour
 g - 7 scrolls of remove curse
 i - 9 scrolls of identify {unknown}
 j - a scroll of noise {unknown}
 m - 2 scrolls of amnesia {unknown}
 q - 3 scrolls of blinking {unknown}
 u - 2 scrolls of fear {unknown}
 x - 2 scrolls of enchant weapon {unknown}
 y - 2 scrolls of magic mapping {unknown}
 A - a scroll of random uselessness {unknown}
 D - a scroll of holy word {unknown}
 G - a scroll of fog {unknown}
 J - 6 scrolls of teleportation {unknown}
Potions
 f - 3 potions of haste {unknown}
 h - a potion of resistance {unknown}
 k - 2 potions of lignification {unknown}
 l - 4 potions of magic {unknown}
 n - 7 potions of degeneration {unknown}
 s - 2 potions of curing {unknown}
 t - 2 potions of attraction {unknown}
 v - a potion of might {unknown}
 w - a potion of mutation {unknown}
 z - a potion of flight {unknown}


   Skills:
 * Level 4.5 Fighting
 + Level 2.0(3.2) Short Blades
 * Level 3.8(4.1) Long Blades
 + Level 2.7 Throwing
 * Level 5.0 Dodging
 + Level 3.6 Stealth
 + Level 0.1 Unarmed Combat
 * Level 8.0 Spellcasting
 * Level 9.0 Necromancy


You had 21 spell levels left.
You knew the following spells:

 Your Spells              Type           Power        Failure   Level
a - Pain                  Necr           100%         1%          1
b - Vampiric Draining     Necr           19%          1%          3

Your spell library contained the following spells:

 Spells                   Type           Power        Failure   Level
 Animate Skeleton         Necr           78%          1%          1
 Animate Dead             Necr           19%          2%          4
 Agony                    Necr           39%          7%          5
 Beastly Appendage        Tmut           14%          10%         1
 Summon Small Mammal      Summ           28%          10%         1
 Call Imp                 Summ           7%           14%         2
 Wereblood                Tmut           7%           14%         2
 Call Canine Familiar     Summ           7%           28%         3
 Dazzling Flash           Conj/Hex       14%          28%         3
 Spider Form              Tmut/Pois      3%           28%         3
 Summon Guardian Golem    Hex/Summ       7%           28%         3
 Cause Fear               Hex            3%           67%         4
 Ice Form                 Ice/Tmut       7%           67%         4
 Summon Ice Beast         Ice/Summ       7%           67%         4
 Summon Lightning Spire   Summ/Air       7%           67%         4
 Blade Hands              Tmut           3%           95%         5
 Fireball                 Conj/Fire      3%           95%         5
 Ignition                 Fire           3%           100%        8


Dungeon Overview and Level Annotations

Branches:
Dungeon (10/15)            Temple (1/1) D:5
   Lair: D:8-11         Orc: D:9-12

Altars:
Ashenzari
Cheibriados
Dithmenos
Elyvilon
Fedhas
Gozag
Hepliaklqana
Kikubaaqudgha
Makhleb
Nemelex Xobeh
Okawaru
Qazlal
Ru
Sif Muna
Trog
Uskayaw
Vehumet
Wu Jian
Xom
Yredelemnul
Zin
The Shining One

Shops:
D:8 *

Annotations:
D:6 exclusion: two-headed ogre
D:8 exclusions: ice statue and two-headed ogre


Innate Abilities, Weirdness & Mutations

You have razor-sharp teeth.
Your natural rate of healing is unusually fast.
When hurt, damage is shared between your health and your magic reserves.
Your bite disrupts and absorbs the magic of your enemies.
Potions cannot restore your health.


Message History

Something hits you!
You slash something! Your bite misses something. Something hits you! x2
You barely miss something. Something hits you. x2
You miss something. You bite something. Something hits you!
* * * LOW HITPOINT WARNING * * *
You swing at nothing.
Something barely misses you. Something hits you!
* * * LOW HITPOINT WARNING * * *
You slash something! Something hits you!
* * * LOW HITPOINT WARNING * * *
Something hits you.
* * * LOW HITPOINT WARNING * * *
Something barely misses you.
Unknown command.
Unknown command.
Unknown command.
Unknown command.
Unknown command.
Something hits you!
You die...
Your body crumbles into a pile of gold.

#...#
##...##
..... ...
#.# #.# #.#
##'##
##.@.##
##.....##
##.......##
#.........#
+.......>.+
#..(.)..<.#
##.......##
##.....##
##...##


There were no monsters in sight!

Vanquished Creatures
  Fannar (D:10)
  Joseph (D:10)
  A troll (D:10)
  An ice beast (D:7)
  A water moccasin (D:9)
  3 black bears
  2 orc warriors
  An eye of draining (D:9)
  7 ogres
  A centaur (D:6)
  5 bullfrogs
  A scorpion (D:10)
  14 killer bees
  3 wights (D:8)
  A bullfrog zombie (D:7)
  5 orc priests
  3 hounds
  2 bullfrog skeletons
  A gnoll shaman (D:9)
  An iguana (D:7)
  4 orc wizards
  2 worker ants
  A howler monkey zombie (D:7)
  13 adders
  11 gnolls
  A shadow imp (D:9)
  4 white imps
  An ufetubus (D:8)
  An ooze (D:3)
  An adder zombie (D:5)
  2 worms
  5 dart slugs
  3 leopard geckos
  19 orcs
  10 bats
  5 giant cockroaches
  5 hobgoblins
  2 jackals (D:3)
  7 kobolds
  4 quokkas
  A ball python (D:2)
  3 frilled lizards
  6 goblins
  2 quokka skeletons
  14 rats
  A spectral orc (D:4)
183 creatures vanquished.

Notes
Turn   | Place    | Note
-------+----------+-------------------------------------------
     0 | D:1      | Morbidden the Vine Stalker Necromancer began the quest for
                  | the Orb.
     0 | D:1      | Reached XP level 1. HP: 9/9 MP: 4/4
   220 | D:1      | Reached XP level 2. HP: 6/13 MP: 0/6
  1398 | D:2      | Reached XP level 3. HP: 17/17 MP: 7/7
  1411 | D:2      | Learned a level 3 spell: Vampiric Draining
  1735 | D:2      | Found a broken altar of Ashenzari.
  1768 | D:2      | Gained mutation: Your natural rate of healing is unusually
                  | fast. [Vine Stalker growth]
  1768 | D:2      | Reached XP level 4. HP: 16/21 MP: 4/9
  2735 | D:3      | Reached skill level 1 in Fighting
  2843 | D:4      | Reached skill level 5 in Necromancy
  2843 | D:4      | Reached XP level 5. HP: 12/25 MP: 0/11
  2936 | D:4      | Noticed a phantom
  3844 | D:4      | Reached XP level 6. HP: 21/30 MP: 5/12
  4561 | D:4      | Found a basalt altar of Yredelemnul.
  4661 | D:5      | Entered Level 5 of the Dungeon
  4827 | D:5      | Reached skill level 6 in Necromancy
  5096 | D:5      | Found a staircase to the Ecumenical Temple.
  5109 | Temple   | Entered the Ecumenical Temple
  5116 | Temple   | Became a worshipper of Gozag Ym Sagoz the Greedy
  5255 | D:6      | Reached XP level 7. HP: 33/33 MP: 6/14
  5516 | D:6      | Reached skill level 1 in Throwing
  5774 | D:6      | Found a white marble altar of Elyvilon.
  5778 | D:6      | Found a bloodstained altar of Trog.
  5783 | D:6      | Found an ancient bone altar of Kikubaaqudgha.
  5993 | D:6      | Noticed a two-headed ogre
  6142 | D:6      | Found a shimmering altar of Xom.
  6207 | D:6      | Reached skill level 5 in Spellcasting
  6385 | D:6      | Gained mutation: You have razor-sharp teeth. [Vine Stalker
                  | growth]
  6385 | D:6      | Reached XP level 8. HP: 39/39 MP: 10/16
  6446 | D:6      | Reached skill level 7 in Necromancy
  6600 | D:7      | Reached skill level 1 in Short Blades
  7619 | D:7      | Identified the Incunabulum of Malediction and the Blaze
  8108 | D:8      | Found Ewuplain's Lightly-Used Armoury.
  8125 | D:8      | Reached XP level 9. HP: 43/43 MP: 9/19
  8456 | D:8      | Reached skill level 8 in Necromancy
  8824 | D:8      | Noticed a two-headed ogre
  9043 | D:8      | Noticed an ice statue
  9282 | D:9      | Got a crude long sword
  9283 | D:9      | Identified the +10 long sword of Popular Demand {vorpal,
                  | +Inv rC+ Dex+2} (You found it on level 9 of the Dungeon)
  9422 | D:9      | Reached skill level 1 in Long Blades
  9678 | D:9      | Found a snail-covered altar of Cheibriados.
  9765 | D:9      | Reached XP level 10. HP: 19/50 MP: 3/21
  9999 | D:9      | Found a glowing golden altar of the Shining One.
 10217 | D:9      | Found a bloodstained altar of Trog.
 10411 | D:10     | Entered Level 10 of the Dungeon
 10565 | D:10     | Noticed Fannar
 10593 | D:10     | Killed Fannar
 10677 | D:10     | Noticed Joseph
 10688 | D:10     | Killed Joseph
 10689 | D:10     | Reached skill level 5 in Dodging
 10689 | D:10     | Reached skill level 9 in Necromancy
 10802 | D:10     | HP: 2/51 [something (2)]
 10803 | D:10     | Slain by an unseen horror

Illustrated notes

Levels and vault maps discovered:
D:1:      dpeg_arrival_windows_large_door, layout_basic, st_stairs_6
D:2:      layout_rooms, nicolae_ashenzari_panopticon, minmay_pentomino_w2
D:3:      layout_rooms
D:4:      layout_cave_pods, yredelemnul_forgotten_temple_becter
D:5:      layout_basic, minmay_temple_entry_glassed_door
D:6:      layout_loops_cross, minmay_overflow_temple_star_quad,
          brannock_xom_greatest_gift
D:7:      layout_rooms
D:8:      lemuel_ice_statue, layout_basic, minmay_shop_damaged
D:9:      layout_basic, nicolae_overflow_hidden_temple, lemuel_doored_altar,
          trog_three_pillars_becter
D:10:     layout_loops_corners, uniq_joseph, uniq_urug, uniq_fannar, uniq_sonja,
          uniq_snorg
Temple:   nicolae_temple_no_exploring_needed

Skill      XL: |  1  2  3  4  5  6  7  8  9 10 |
---------------+-------------------------------+-----
Spellcasting   | 3 4 5 6 7 8 |  8.0
Dodging        | 2 3 4 5 |  5.0
Fighting       | 1 2 4 |  4.5
Necromancy     | 5 6 7 8 9 |  9.0
Throwing       | 1 2 |  2.7
Short Blades   | 1 2 |  2.0
Stealth        | 3 |  3.6
Long Blades    | 2 3 |  3.8
Unarmed Combat | |  0.1

Action                   |  1- 3 |  4- 6 |  7- 9 | 10-12 || total
-------------------------+-------+-------+-------+-------++-------
Melee: Unarmed           |    10 |     4 |       |       ||    14
       Bite              |     1 |    14 |    78 |     9 ||   102
       Short sword       |       |    45 |   244 |       ||   289
       Long sword        |       |       |    34 |    25 ||    59
Throw: Dart              |    37 |    77 |   118 |       ||   232
 Cast: Pain              |    45 |   105 |    18 |     3 ||   171
       Vampiric Draining |       |     5 |    67 |    11 ||    83
  Use: Scroll            |       |     2 |       |     1 ||     3
 Stab: Sleeping          |       |     2 |     5 |     2 ||     9
Armor: Robe              |     6 |    22 |   116 |     2 ||   146
Dodge: Dodged            |    26 |    86 |   279 |    16 ||   407
       Rpst.: Long sword |       |       |    17 |     2 ||    19

Table legend: (Time is in decaauts)
 A = Elapsed time spent in this place.
 B = Non-inter-level travel time spent in this place.
 C = Inter-level travel time spent in this place.
 D = Time resting spent in this place.
 E = Time spent auto-exploring this place.
 F = Levels seen in this place.
 G = Mean time per level.
                   A        B        C        D        E       F      G
               +--------+--------+--------+--------+--------+-----+--------+
         Total |  10826 |  10509 |    317 |    436 |   8083 |  11 |  984.2 |
       Dungeon |  10811 |  10500 |    311 |    436 |   8083 |  10 | 1081.1 |
        Temple |     14 |      8 |      6 |      0 |      0 |   1 |   14.0 |
               +--------+--------+--------+--------+--------+-----+--------+

Top non-repeatable levels by time:
     D:6: 1536 daAuts
     D:8: 1344 daAuts
     D:2: 1342 daAuts
     D:9: 1314 daAuts
     D:1: 1310 daAuts
     D:4: 1159 daAuts
     D:7: 977 daAuts
     D:3: 851 daAuts
     D:5: 576 daAuts
    D:10: 397 daAuts
  Temple: 14 daAuts
